Map: Crête de Lerilak

Players

Goofy - Winner!

  • Race: Protoss Protoss
  • League: Bronze
  • Spawn Location: 11:00

zidar

  • Race: Zerg Zerg
  • League: Silver
  • Spawn Location: 5:00

VOD

Have the link to the VOD?

Description

Time

  • Played on: Nov. 27, 2015, 12:44 p.m.
  • Length: 8:13
Show
View Real Time Build Order
Export as new Build Order

Goofy Protoss - Winner!

Build Orders:  

Get SALT Encoding   

  12  0:01  Probe (Chrono Boost)  
  13  0:13  Pylon  
  13  0:22  Probe (Chrono Boost)  
  14  0:34  Gateway  
  14  0:36  Probe (Chrono Boost)  
  15  0:46  Probe (Chrono Boost)  
  16  0:51  Assimilator  
  17  0:57  Probe (Chrono Boost)  
  17  1:01  Pylon  
  17  1:07  Probe (Chrono Boost)  
  18  1:21  Cybernetics Core  
  19  1:25  Probe (Chrono Boost)  
  19  1:28  Assimilator  
  19  1:31  Zealot (Chrono Boost)  
  21  1:41  Probe  
  22  1:49  Pylon  
  22  1:53  Probe (Chrono Boost)  
  23  2:05  Mothership Core (Chrono Boost)  
  25  2:18  Pylon  
  25  2:23  Probe (Chrono Boost)  
  26  2:43  Nexus  
  26  2:45  Probe (Chrono Boost)  
  27  2:52  Stalker (Chrono Boost)  
  27  2:57  Warp Gate  
  29  3:02  Probe (Chrono Boost)  
  29  3:25  Gateway  
  29  3:28  Gateway  
  29  3:30  Probe (Chrono Boost)  
  31  3:42  Probe (Chrono Boost)  
  31  3:47  Robotics Facility  
  31  3:53  Probe (Chrono Boost), Stalker  
  34  4:05  Probe x2 (Chrono Boost)  
  36  4:20  Gateway x2  
  36  4:25  Probe x2 (Chrono Boost)  
  38  4:34  Immortal (Chrono Boost)  
  42  4:49  Probe (Chrono Boost)  
  44  5:00  Probe (Chrono Boost)  
  44  5:11  Immortal (Chrono Boost)  
  48  5:20  Gateway  
  48  5:26  Gateway  
  48  5:32  Stalker  
  48  5:33  Adept, Stalker  
  48  5:34  Adept x2  
  58  5:46  Observer (Chrono Boost)  
  59  6:04  Warp Prism (Chrono Boost)  
  61  6:12  Pylon x2  
  61  6:15  Pylon  
  61  6:32  Stalker  
  61  6:33  Stalker x2  
  61  6:34  Stalker x2  
  61  6:35  Immortal (Chrono Boost), Stalker x2  
  79  6:42  Pylon  
  79  6:44  Pylon  
  79  7:12  Stalker  
  79  7:13  Stalker x2  
  79  7:14  Adept, Stalker  
  79  7:15  Adept  
  90  7:16  Adept  
  86  7:42  Adept  
  86  7:43  Adept, Stalker  
  86  7:44  Adept, Stalker  
  94  7:45  Adept  
  98  7:57  Adept  
Show
View Real Time Build Order
Export as new Build Order

zidar Zerg 

Build Orders: Hatch First 

Get SALT Encoding   

  12  0:02  Drone  
  13  0:12  Overlord  
  13  0:21  Drone  
  14  0:30  Drone x2  
  16  0:38  Drone  
  17  0:58  Drone  
  17  1:00  Hatchery  
  17  1:13  Spawning Pool  
  17  1:16  Drone  
  17  1:20  Extractor  
  17  1:21  Drone  
  17  1:36  Drone  
  17  1:37  Overlord  
  18  1:43  Drone  
  18  2:11  Queen  
  18  2:13  Queen  
  22  2:15  Drone x2  
  22  2:17  Drone  
  22  2:21  Drone  
  26  2:25  Drone  
  27  2:31  Metabolic Boost  
  27  2:34  Drone  
  28  2:37  Drone  
  29  2:56  Extractor  
  29  2:58  Zergling x4  
  29  2:59  Zergling x2  
  29  3:05  Queen  
  33  3:34  Drone x3  
  36  3:35  Overlord x3  
  36  3:36  Roach Warren  
  35  3:45  Evolution Chamber  
  33  4:09  Hatchery, Drone  
  34  4:10  Drone x6  
  34  4:15  Zerg Missile Weapons Level 1  
  39  4:34  Extractor  
  38  4:39  Extractor  
  38  4:40  Lair  
  37  4:49  Drone x10  
  47  5:14  Roach x6  
  59  5:22  Overlord x3  
  59  5:28  Queen  
  61  5:46  Hydralisk Den  
  60  5:53  Evolution Chamber  
  59  6:10  Overseer  
  59  6:12  Drone  
  59  6:13  Drone x2  
  62  6:19  Roach x3  
  62  6:20  Roach x6  
  62  6:24  Glial Reconstitution  
  80  6:27  Muscular Augments  
  80  7:06  Overlord x4, Drone  
  61  7:38  Hydralisk x2  
  61  7:39  Hydralisk x4  
  61  7:40  Hydralisk x3  
  61  7:41  Hydralisk x3  
  61  7:42  Hydralisk  
Tags
 
Add a new tag
Caveats
  • Supply blocks, unpowered buildings, or Contaminate may cause inaccurate times.
  • Supply counts are checked every 10 seconds.